 Dungeon Crawl Stone Soup version 0.29-a0-234-g0dae59b3db (webtiles) character file.

Game seed: 7344544257284143271

210 Aksej the Skirmisher (level 5, 0/42 HPs)
             Began as a Demonspawn Monk on Mar 2, 2022.
             Slain by a jackal (2 damage)
             ... on level 4 of the Dungeon.
             The game lasted 00:07:56 (3361 turns).

Aksej the Skirmisher (Demonspawn Monk)              Turns: 3361, Time: 00:07:56

Health: 0/42       AC:  5    Str: 11 (13) XL:     5   Next: 57%
Magic:  5/5        EV: 11    Int:  9 (11) God:
Gold:   145        SH:  4    Dex: 15 (16) Spells: 4/4 levels left

rFire   . . .      SeeInvis .   a - +1 mace
rCold   . . .      Faith    .   (no shield)
rNeg    . . .      Spirit   .   f - +0 ring mail {rPois}
rPois   +          Reflect  .   (helmet restricted)
rElec   .          Harm     .   (no cloak)
rCorr   +          Rampage  .   (no gloves)
Will    .....                   (no boots)
Stlth   +.........              (no amulet)
HPRegen 0.14/turn               c - ring of resist corrosion
MPRegen 0.09/turn               (no ring)

@: no status effects
A: horns 1, large bone plates 1
a: no special abilities


You were on level 4 of the Dungeon.
You visited 1 branch of the dungeon, and saw 4 of its levels.

You collected 145 gold pieces.

Inventory:

Hand Weapons
 a - a +1 mace (weapon)
Armour
 f - a +0 ring mail of poison resistance (worn)
Jewellery
 b - a ring of ice
 c - a ring of resist corrosion (left hand)
 i - the ring of Perfectionism {Ice Dex+4}
   (You found it on level 3 of the Dungeon)

   [ring of ice]

   It enhances your ice magic.
   Dex:       It affects your dexterity (+4).
   rF:        It makes you vulnerable to fire.
   rC:        It protects you from cold.
Wands
 k - a wand of polymorph (8)
Potions
 h - a potion of resistance


   Skills:
 * Level 4.2 Fighting
 + Level 4.0 Maces & Flails
 + Level 1.7 Armour
 + Level 3.0 Dodging
 + Level 2.4 Stealth
 + Level 0.5 Shields


You had 4 spell levels left.
You didn't know any spells.
Your spell library contained the following spells:

 Spells                   Type           Power      Damage    Failure   Level
 Freeze                   Ice            0%         1d3       67%         1
 Frozen Ramparts          Ice            0%         1d2       96%         3
 Hailstorm                Conj/Ice       0%         3d3       100%        4
 Conjure Ball Lightning   Conj/Air       0%         3x3d6     100%        6
 Discord                  Hex            0%         N/A       100%        8
 Disjunction              Tloc           0%         N/A       100%        8


Dungeon Overview and Level Annotations

Branches:
Dungeon (4/15)
 Temple: D:4-7

Altars:
Gozag


Innate Abilities, Weirdness & Mutations

You have a pair of small horns on your head.
You are partially covered in large bone plates. (SH +4)


Message History

The jackal stops to sniff the water.
You block the jackal's attack. The hound barely misses you.
The howler monkey hits you but does no damage.
You closely miss the hound.
The hound is moderately wounded.
The hound stops to sniff the ground.
The hound closely misses you. You block the jackal's attack.
The jackal bites you but does no damage.
The howler monkey hits you.
* * * LOW HITPOINT WARNING * * *
The hound barely misses you.
The jackal bites you but does no damage.
The howler monkey barely misses you.
You hit the hound but do no damage.
The hound is moderately wounded.
The hound barely misses you. The jackal closely misses you. x2
The jackal barely misses you.
A jackal comes into view.
The howler monkey splashes around in the water.
The hound bites you.
* * * LOW HITPOINT WARNING * * *
The jackal splashes around in the water.
The jackal misses you. You block the jackal's attack.
Okay, then.
You aren't carrying any scrolls.
You hit the hound.
The hound is moderately wounded.
The hound barely misses you. The howler monkey barely misses you.
The jackal bites you.
* * * LOW HITPOINT WARNING * * *
The jackal closely misses you. You block the jackal's attack.
The jackal bites you but does no damage.
The hound bites you but does no damage.
The howler monkey hoots and howls with incredible vigour!
The jackal bites you but does no damage.
You hear a shout! x2
You hit the hound but do no damage. Your headbutt misses the hound.
The hound is moderately wounded.
The jackal bites you.
You die...

#....≈≈≈.# $..
#....≈≈≈.# ..
#....≈≈###+#..
#....≈≈#.g.#'######
#....≈≈#go.#.....h.
#....≈≈#####≈≈≈≈≈≈≈
#....≈≈≈≈≈≈≈≈≈≈≈≈≈≈
#....≈≈≈≈≈hhh≈≈≈≈≈≈
#..........@h..P...
#......P...hh......
###################


You could see a howler monkey (catching breath), a hound, 2 gnolls, an orc and 5
jackals.

Vanquished Creatures
  A howler monkey (D:4)
  An iguana (D:4)
  Robin (D:2)
  5 adders
  A dart slug (D:2)
  3 orcs (D:4)
  3 bats
  5 endoplasms
  3 giant cockroaches
  13 goblins
  14 hobgoblins
  7 jackals
  5 quokkas
  A ball python (D:1)
  7 frilled lizards
  3 kobolds (D:2)
  3 rats
76 creatures vanquished.

Vanquished Creatures (others)
  21 plants (D:4)
21 creatures vanquished.

Grand Total: 97 creatures vanquished

Notes
Turn   | Place    | Note
-------+----------+-------------------------------------------
     0 | D:1      | Aksej the Demonspawn Monk began the quest for the Orb.
     0 | D:1      | Reached XP level 1. HP: 18/18 MP: 1/1
   201 | D:1      | Gained mutation: You are partially covered in large bone
                  | plates. (SH +4) [demonic ancestry]
   201 | D:1      | Reached XP level 2. HP: 16/24 MP: 2/2
   645 | D:1      | Gained mutation: You have a pair of small horns on your
                  | head. [demonic ancestry]
   645 | D:1      | Reached XP level 3. HP: 29/29 MP: 3/3
  1005 | D:2      | Noticed Robin
  1170 | D:2      | Found a faded altar of an unknown god.
  1325 | D:2      | Killed Robin
  1457 | D:2      | Reached XP level 4. HP: 35/37 MP: 4/4
  1720 | D:2      | You fall into a shaft and drop 2 floors!
  1720 | D:4      | Found an opulent altar of Gozag.
  1724 | D:4      | Noticed a scorpion
  2032 | D:3      | Identified the ring of Perfectionism {Ice Dex+4}
  2151 | D:3      | Reached skill level 1 in Armour
  3040 | D:4      | Reached XP level 5. HP: 7/42 MP: 5/5
  3360 | D:4      | HP: 2/42 [jackal (2)]
  3361 | D:4      | Slain by a jackal

Illustrated notes

Levels and vault maps discovered:
D:1:      lemuel_arrival_cross, layout_loops_ring
D:2:      layout_basic, chequers_ecumenical_altar_simple, uniq_robin
D:3:      layout_loops_ring
D:4:      lemuel_castle_with_subvaults [lemuel_castle_interior_carwin_1],
          layout_loops_ring, mainiacjoe_overflow_cross_hatched,
          amcnicky_altar_gilded

Skill      XL: |  1  2  3  4  5 |
---------------+----------------+-----
Maces & Flails | 3 4 |  4.0
Armour         | 1 |  1.7
Stealth        | 2 |  2.4
Fighting       | 4 |  4.2
Dodging        | 3 |  3.0
Shields        | |  0.5

Action                   |  1- 3 |  4- 6 || total
-------------------------+-------+-------++-------
Melee: Mace              |   116 |   111 ||   227
       Headbutt          |     9 |    16 ||    25
       Punch             |     1 |     2 ||     3
  Use: Scroll            |     3 |     1 ||     4
       Potion            |     1 |     4 ||     5
 Stab: Sleeping          |     2 |     4 ||     6
Armor: Ring mail         |    23 |    33 ||    56
Dodge: Dodged            |    80 |    65 ||   145
Block: Other             |    16 |    20 ||    36

Table legend: (Time is in decaauts)
 A = Elapsed time spent in this place.
 B = Non-inter-level travel time spent in this place.
 C = Inter-level travel time spent in this place.
 D = Time resting spent in this place.
 E = Time spent auto-exploring this place.
 F = Levels seen in this place.
 G = Mean time per level.
                   A        B        C        D        E       F      G
               +--------+--------+--------+--------+--------+-----+--------+
         Total |   3416 |   3244 |    172 |      0 |   2633 |   4 |  854.0 |
       Dungeon |   3416 |   3244 |    172 |      0 |   2633 |   4 |  854.0 |
               +--------+--------+--------+--------+--------+-----+--------+

Top non-repeatable levels by time:
     D:1: 1148 daAuts
     D:3: 1028 daAuts
     D:2: 871 daAuts
     D:4: 368 daAuts
